 Dungeon Crawl Stone Soup version 0.30-a0-860-g512cf1e979 (webtiles) character file.

Game seed: 877539151399576096

187 Bnni the Stinger (level 5, -3/39 HPs)
             Began as a Formicid Venom Mage on Mar 7, 2023.
             Killed by miscasting Mephitic Cloud (7 damage)
             ... on level 2 of the Dungeon.
             The game lasted 00:02:59 (847 turns).

Bnni the Stinger (Formicid Venom Mage)               Turns: 847, Time: 00:03:03

Health: -3/39      AC:  2    Str: 12    XL:     5   Next: 99%
Magic:  3/9        EV: 12    Int: 17    God:
Gold:   56         SH:  0    Dex: 14    Spells: 0/10 levels left

rFire   . . .      SeeInvis +    h - +0 whip
rCold   . . .      Faith    .    (no shield)
rNeg    . . .      Spirit   .    a - +0 robe
rPois   .          Reflect  .    (helmet unavailable)
rElec   .          Rampage  .    n - scarf {repulsion}
rCorr   .                        (no gloves)
Will    .....                    (no boots)
Stlth   ++                       (no amulet)
HPRegen 0.26/turn                (no ring)
MPRegen 0.11/turn                (no ring)

@: very slightly contaminated, repel missiles
A: permanent stasis, dig shafts and tunnels, antennae 3, four strong arms
a: Dig, Shaft Self


You were on level 2 of the Dungeon.
You visited 1 branch of the dungeon, and saw 2 of its levels.

You collected 56 gold pieces.

Inventory:

Hand Weapons
 h - a +0 whip (weapon)
Missiles
 k - 6 poisoned darts
Armour
 a - a +0 robe (worn)
 i - a +0 plate armour
 n - a scarf of repulsion (worn)
Scrolls
 c - a scroll of amnesia {unknown}
 f - a scroll of identify {unknown}
 g - a scroll of poison {unknown}
 l - a scroll of blinking {unknown}
 m - 3 scrolls of noise {unknown}
Potions
 b - a potion of magic
 d - a potion of degeneration {unknown}
 e - a potion of mutation {unknown}
 j - a potion of lignification {unknown}


   Skills:
 + Level 2.7 Fighting
 - Level 1.7 Dodging
 - Level 2.4 Stealth
 - Level 3.0 Spellcasting
 - Level 1.1 Transmutations
 + Level 0.0 Air Magic
 * Level 6.7 Poison Magic


You couldn't memorise any spells.
You knew the following spells:

 Your Spells              Type           Power      Damage    Failure   Level
a - Sting                 Tmut/Pois      60%        1d6       3%          1
b - Poisonous Vapours     Pois/Air       28%        N/A       7%          2
c - Mephitic Cloud        Conj/Pois/Air  10%        N/A       21%         3
d - Olgreb's Toxic Radia  Pois           25%        N/A       11%         4

Your spell library contained the following spells:

 Spells                   Type           Power      Damage    Failure   Level


Dungeon Overview and Level Annotations

Branches:
Dungeon (2/15)

Altars:

Shops:
D:1 *

Annotations:
D:2 Terence


Innate Abilities, Weirdness & Mutations

You cannot be hasted, slowed, berserked, paralysed or teleported.
You can dig through walls and to a lower floor.
You have a pair of large antennae on your head. (SInv)
Your four strong arms can wield two-handed weapons with a shield.


Message History

Memorise Olgreb's Toxic Radiance, consuming 4 spell levels and leaving 0?
You start memorising the spell.
You continue memorising. x4
You finish memorising.
Spell assigned to 'd'.
Adjust (i)tems, (s)pells, or (a)bilities?
Adjust which spell?
Okay, then.
You start resting.
HP restored.
You start resting.
Magic restored.
You climb downwards.
Level annotation: Terence Terence misses you.
There is a stone staircase leading up here.
Casting: Sting (safe; 3% risk of failure)
Confirm with . or Enter, or press ? or * to list all spells.
Aiming: Poisonous Vapours (safe; 7% risk of failure)
Press: ? - help, Dir - move target, f - Terence
Aim: Terence, wielding a +3 heavy mace and wearing a +0 chain mail Poisonous vapours surround Terence!
Terence is poisoned.
Terence hits you with a +3 heavy mace!
Aiming: Sting (safe; 3% risk of failure)
Press: ? - help, Q - select action, (/) - cycle Shift-Dir - straight line, f/p - Terence
Aim: Terence, wielding a +3 heavy mace and wearing a +0 chain mail (poisoned, 81% to hit)
The sting misses Terence.
Okay, then.
Okay, then.
Terence attacks as you move away! Terence hits you with a +3 heavy mace.
Terence attacks as you move away! Terence hits you with a +3 heavy mace!
* * * LOW HITPOINT WARNING * * *
Casting: Sting (safe; 3% risk of failure)
Confirm with . or Enter, or press ? or * to list all spells.
The spell is quite dangerous to miscast (21% risk of failure)!
Continue anyway?
Aiming: Mephitic Cloud (quite dangerous; 21% risk of failure)
Press: ? - help, Shift-Dir - straight line, f/p - Terence
Aim: Terence, wielding a +3 heavy mace and wearing a +0 chain mail (poisoned, chance to affect: 91%)
You miscast Mephitic Cloud.
You are very lightly contaminated with residual magic.
Sparks fly from your hands!
You die...

#......#.##....
###.####.##......{
#.####.##.####.#
#...##.... #
###.#####. #.# #.
#.# #.# #@# #.#
#@# #.# #.# #.#
#.# #.# #.#


You could see Terence (poisoned).

Vanquished Creatures
  Sigmund (D:2)
  A dart slug (D:1)
  4 ball pythons (D:1)
  An endoplasm (D:1)
  A giant cockroach (D:1)
  2 goblins (D:1)
  2 hobgoblins (D:1)
  2 kobolds (D:1)
  2 frilled lizards (D:1)
  2 rats (D:1)
18 creatures vanquished.

Notes
Turn   | Place    | Note
-------+----------+-------------------------------------------
     0 | D:1      | Bnni the Formicid Venom Mage began the quest for the Orb.
     0 | D:1      | Reached XP level 1. HP: 13/13 MP: 3/3
   174 | D:1      | Found Hohecios's Assorted Antiques.
   176 | D:1      | Reached XP level 2. HP: 20/20 MP: 3/5
   467 | D:1      | Reached skill level 1 in Fighting
   629 | D:1      | Reached XP level 3. HP: 26/26 MP: 2/6
   758 | D:2      | Noticed Sigmund
   764 | D:2      | Noticed Terence
   767 | D:2      | Killed Sigmund
   768 | D:2      | Reached skill level 6 in Poison Magic
   768 | D:2      | Reached XP level 4. HP: 26/34 MP: 0/8
   768 | D:2      | Reached XP level 5. HP: 30/39 MP: 0/9
   784 | D:1      | Learned a level 2 spell: Poisonous Vapours
   788 | D:1      | Learned a level 3 spell: Mephitic Cloud
   793 | D:1      | Learned a level 4 spell: Olgreb's Toxic Radiance
   847 | D:2      | Killed by miscasting Mephitic Cloud

Illustrated notes

Levels and vault maps discovered:
D:1:      minmay_arrival_up_and_down, layout_basic, serial_shops, shop
D:2:      layout_loops_cross, uniq_sigmund, uniq_terence, uniq_robin

Skill      XL: |  1  2  3 |
---------------+----------+-----
Fighting       | 1 2 |  2.7
Spellcasting   | 3 |  3.0
Poison Magic   | 6 |  6.7
Dodging        | |  1.7
Stealth        | |  2.4
Transmutations | |  1.1

Action                     |  1- 3 |  4- 6 || total
---------------------------+-------+-------++-------
  Melee: Mace              |     6 |       ||     6
         Whip              |    13 |       ||    13
   Cast: Sting             |    24 |     1 ||    25
         Poisonous Vapours |       |     1 ||     1
 Armour: Robe              |     4 |       ||     4
  Dodge: Dodged            |    20 |     1 ||    21

Table legend: (Time is in decaauts)
 A = Elapsed time spent in this place.
 B = Non-inter-level travel time spent in this place.
 C = Inter-level travel time spent in this place.
 D = Time resting spent in this place.
 E = Time spent auto-exploring this place.
 F = Levels seen in this place.
 G = Mean time per level.
                   A        B        C        D        E       F      G
               +--------+--------+--------+--------+--------+-----+--------+
         Total |    850 |    813 |     37 |     52 |    588 |   2 |  425.0 |
       Dungeon |    850 |    813 |     37 |     52 |    588 |   2 |  425.0 |
               +--------+--------+--------+--------+--------+-----+--------+

Top non-repeatable levels by time:
     D:1: 772 daAuts
     D:2: 78 daAuts
